Workbook

Sheet РВ
A2: ОБЪЕКТНАЯ РЕСУРСНАЯ ВЕДОМОСТЬ
A5: (наименование показателя)
A7: Измеритель:
A9: № п/п | B9: Код ресурса | C9: Наименование ресурса | D9: Ед.изм. | E9: Кол-во единиц по проектным данным
A11: 1 | B11: 2 | C11: 3 | D11: 4 | E11: 5
C12: Трудозатраты
A13: 1 | B13: 1-100-30 | C13: Средний разряд работы 3,0 | D13: чел.-ч. | E13: 1772.8484
A14: =IF(ISBLANK(D14), "", COUNTA(D13:D14)) -> 2 | B14: 1-100-35 | C14: Средний разряд работы 3,5 | D14: чел.-ч. | E14: 905.96116
A15: =IF(ISBLANK(D15), "", COUNTA(D13:D15)) -> 3 | B15: 1-100-32 | C15: Средний разряд работы 3,2 | D15: чел.-ч. | E15: 574.461
A16: =IF(ISBLANK(D16), "", COUNTA(D13:D16)) -> 4 | B16: 1-100-22 | C16: Средний разряд работы 2,2 | D16: чел.-ч. | E16: 417.945
A17: =IF(ISBLANK(D17), "", COUNTA(D13:D17)) -> 5 | B17: 1-100-20 | C17: Средний разряд работы 2,0 | D17: чел.-ч. | E17: 365.24641
A18: =IF(ISBLANK(D18), "", COUNTA(D13:D18)) -> 6 | B18: 1-100-39 | C18: Средний разряд работы 3,9 | D18: чел.-ч. | E18: 271.82115
A19: =IF(ISBLANK(D19), "", COUNTA(D13:D19)) -> 7 | B19: 1-100-38 | C19: Средний разряд работы 3,8 | D19: чел.-ч. | E19: 227.1018
A20: =IF(ISBLANK(D20), "", COUNTA(D13:D20)) -> 8 | B20: 1-100-15 | C20: Средний разряд работы 1,5 | D20: чел.-ч. | E20: 191.337
A21: =IF(ISBLANK(D21), "", COUNTA(D13:D21)) -> 9 | B21: 1-100-33 | C21: Средний разряд работы 3,3 | D21: чел.-ч. | E21: 111.24
A22: =IF(ISBLANK(D22), "", COUNTA(D13:D22)) -> 10 | B22: 1-100-40 | C22: Средний разряд работы 4,0 | D22: чел.-ч. | E22: 88.85184
A23: =IF(ISBLANK(D23), "", COUNTA(D13:D23)) -> 11 | B23: 1-100-34 | C23: Средний разряд работы 3,4 | D23: чел.-ч. | E23: 92.4
A24: =IF(ISBLANK(D24), "", COUNTA(D13:D24)) -> 12 | B24: 2-100-03 | C24: Рабочий 3 разряда | D24: чел.-ч | E24: 84.752565
A25: =IF(ISBLANK(D25), "", COUNTA(D13:D25)) -> 13 | B25: 1-100-27 | C25: Средний разряд работы 2,7 | D25: чел.-ч. | E25: 25.33339
A26: =IF(ISBLANK(D26), "", COUNTA(D13:D26)) -> 14 | B26: 2-100-02 | C26: Рабочий 2 разряда | D26: чел.-ч | E26: 9.4065
A27: =IF(ISBLANK(D27), "", COUNTA(D13:D27)) -> 15 | B27: 1-100-47 | C27: Средний разряд работы 4,7 | D27: чел.-ч. | E27: 2.387907
A28: =IF(ISBLANK(D28), "", COUNTA(D13:D28)) -> 16 | B28: 1-100-37 | C28: Средний разряд работы 3,7 | D28: чел.-ч. | E28: 1.962
A29: =IF(ISBLANK(D29), "", COUNTA(D13:D29)) -> 17 | B29: 2 | C29: Затраты труда машинистов | D29: чел.-ч. | E29: =Source!D202 -> 597.77329
C30: Машины и механизмы
A31: =IF(ISBLANK(D31), "", COUNTA(D13:D31)) -> 18 | B31: 91.05.01-017 | C31: Краны башенные, грузоподъемность 8 т | D31: маш.-ч | E31: 192.50778
A32: =IF(ISBLANK(D32), "", COUNTA(D13:D32)) -> 19 | B32: 91.01.05-085 | C32: Экскаваторы одноковшовые дизельные на гусеничном ходу, объем ковша 0,5 м3 | D32: маш.-ч | E32: 70.832916
A33: =IF(ISBLANK(D33), "", COUNTA(D13:D33)) -> 20 | B33: 91.01.01-036 | C33: Бульдозеры, мощность 96 кВт (130 л.с.) | D33: маш.-ч | E33: 29.38848
A34: =IF(ISBLANK(D34), "", COUNTA(D13:D34)) -> 21 | B34: 91.01.01-034 | C34: Бульдозеры, мощность 59 кВт (80 л.с.) | D34: маш.-ч | E34: 23.076636
A35: =IF(ISBLANK(D35), "", COUNTA(D13:D35)) -> 22 | B35: 91.01.01-035 | C35: Бульдозеры, мощность 79 кВт (108 л.с.) | D35: маш.-ч | E35: 19.937412
A36: =IF(ISBLANK(D36), "", COUNTA(D13:D36)) -> 23 | B36: 91.06.05-057 | C36: Погрузчики одноковшовые универсальные фронтальные пневмоколесные, номинальная вместимость основного ковша 1,5 м3, грузоподъемность 3 т | D36: маш.-ч | E36: 34.419
A37: =IF(ISBLANK(D37), "", COUNTA(D13:D37)) -> 24 | B37: 91.06.05-011 | C37: Погрузчики одноковшовые универсальные фронтальные пневмоколесные, номинальная вместимость основного ковша 2,6 м3, грузоподъемность 5 т | D37: маш.-ч | E37: 1.3809702
A38: =IF(ISBLANK(D38), "", COUNTA(D13:D38)) -> 25 | B38: 91.18.01-007 | C38: Компрессоры винтовые передвижные с двигателем внутреннего сгорания, давление до 0,7 МПа (7 атм), производительность до 5,4 м3/мин | D38: маш.-ч | E38: 115.54752
A39: =IF(ISBLANK(D39), "", COUNTA(D13:D39)) -> 26 | B39: 91.02.05-011 | C39: Установки для вдавливания свай, усилие вдавливания 92 т | D39: маш.-ч | E39: 33.184
A40: =IF(ISBLANK(D40), "", COUNTA(D13:D40)) -> 27 | B40: 91.05.05-015 | C40: Краны на автомобильном ходу, грузоподъемность 16 т | D40: маш.-ч | E40: 19.101877
A41: =IF(ISBLANK(D41), "", COUNTA(D13:D41)) -> 28 | B41: 91.14.02-001 | C41: Автомобили бортовые, грузоподъемность до 5 т | D41: маш.-ч | E41: 39.819801
A42: =IF(ISBLANK(D42), "", COUNTA(D13:D42)) -> 29 | B42: 91.08.05-052 | C42: Машины бетоноукладочного комплекта на рельс-формах нарезчики швов в свежеуложенном цементо-бетоне | D42: маш.-ч | E42: 7.3052
A43: =IF(ISBLANK(D43), "", COUNTA(D13:D43)) -> 30 | B43: 91.05.06-007 | C43: Краны на гусеничном ходу, грузоподъемность 25 т | D43: маш.-ч | E43: 7.4637024
A44: =IF(ISBLANK(D44), "", COUNTA(D13:D44)) -> 31 | B44: 91.08.04-021 | C44: Котлы битумные передвижные электрические с центробежной мешалкой, объем загрузочной емкости 400 л | D44: маш.-ч | E44: 90.1926
A45: =IF(ISBLANK(D45), "", COUNTA(D13:D45)) -> 32 | B45: 91.08.09-024 | C45: Трамбовки пневматические при работе от стационарного компрессора | D45: маш.-ч | E45: 196.68
A46: =IF(ISBLANK(D46), "", COUNTA(D13:D46)) -> 33 | B46: 91.08.09-023 | C46: Трамбовки пневматические при работе от передвижных компрессорных установок | D46: маш.-ч | E46: 350.658
A47: =IF(ISBLANK(D47), "", COUNTA(D13:D47)) -> 34 | B47: 91.14.04-001 | C47: Тягачи седельные, нагрузка на седельно-сцепное устройство до 12 т | D47: маш.-ч | E47: 3.808
A48: =IF(ISBLANK(D48), "", COUNTA(D13:D48)) -> 35 | B48: 91.17.04-233 | C48: Аппараты сварочные для ручной дуговой сварки, сварочный ток до 350 А | D48: маш.-ч | E48: 104.25206
A49: =IF(ISBLANK(D49), "", COUNTA(D13:D49)) -> 36 | B49: 91.17.04-042 | C49: Аппараты для газовой сварки и резки | D49: маш.-ч | E49: 4.25
A50: =IF(ISBLANK(D50), "", COUNTA(D13:D50)) -> 37 | B50: 91.07.04-001 | C50: Вибраторы глубинные | D50: маш.-ч | E50: 79.630555
A51: =IF(ISBLANK(D51), "", COUNTA(D13:D51)) -> 38 | B51: 91.07.04-002 | C51: Вибраторы поверхностные | D51: маш.-ч | E51: 30.28428
A52: =IF(ISBLANK(D52), "", COUNTA(D13:D52)) -> 39 | B52: 91.14.05-012 | C52: Полуприцепы общего назначения, грузоподъемность до 15 т | D52: маш.-ч | E52: 3.808
A53: =IF(ISBLANK(D53), "", COUNTA(D13:D53)) -> 40 | B53: 91.21.10-002 | C53: Молотки отбойные пневматические при работе от передвижных компрессоров | D53: маш.-ч | E53: 56.1
A54: =IF(ISBLANK(D54), "", COUNTA(D13:D54)) -> 41 | B54: 91.06.03-055 | C54: Лебедки электрические тяговым усилием 19,62 кН (2 т) | D54: маш.-ч | E54: 5.715
A55: =IF(ISBLANK(D55), "", COUNTA(D13:D55)) -> 42 | B55: 91.06.03-060 | C55: Лебедки электрические тяговым усилием до 5,79 кН (0,59 т) | D55: маш.-ч | E55: 0.013491
A56: =IF(ISBLANK(D56), "", COUNTA(D13:D56)) -> 43 | B56: 91.21.22-638 | C56: Пылесосы промышленные, мощность до 2000 Вт | D56: маш.-ч | E56: 2.2644
A57: =IF(ISBLANK(D57), "", COUNTA(D13:D57)) -> 44 | B57: 91.21.01-012 | C57: Агрегаты окрасочные высокого давления для окраски поверхностей конструкций, мощность 1 кВт | D57: маш.-ч | E57: 1.088274
C58: Материалы
A59: =IF(ISBLANK(D59), "", COUNTA(D13:D59)) -> 45 | B59: 04.1.02.05-0006 | C59: Смеси бетонные тяжелого бетона (БСТ), класс В15 (М200) | D59: м3 | E59: 553.7475
A60: =IF(ISBLANK(D60), "", COUNTA(D13:D60)) -> 46 | B60: 04.1.02.05-0003 | C60: Смеси бетонные тяжелого бетона (БСТ), класс В7,5 (М100) | D60: м3 | E60: 254.63
A61: =IF(ISBLANK(D61), "", COUNTA(D13:D61)) -> 47 | B61: 04.1.02.05-0007 | C61: Смеси бетонные тяжелого бетона (БСТ), класс В20 (М250) | D61: м3 | E61: 31.3635
A62: =IF(ISBLANK(D62), "", COUNTA(D13:D62)) -> 48 | B62: 02.3.01.02-1118 | C62: Песок природный для строительных работ II класс, средний | D62: м3 | E62: 3706.96
A63: =IF(ISBLANK(D63), "", COUNTA(D13:D63)) -> 49 | B63: 08.4.03.03-0032 | C63: Сталь арматурная горячекатаная периодического профиля, класс A-III, диаметр 12 мм | D63: т | E63: 30.97145
A64: =IF(ISBLANK(D64), "", COUNTA(D13:D64)) -> 50 | B64: 08.4.03.03-0029 | C64: Сталь арматурная горячекатаная периодического профиля, класс A-III, диаметр 6 мм | D64: т | E64: 12.3493
A65: =IF(ISBLANK(D65), "", COUNTA(D13:D65)) -> 51 | B65: 08.4.03.03-0034 | C65: Сталь арматурная горячекатаная периодического профиля, класс A-III, диаметр 16-18 мм | D65: т | E65: 0.3571
A66: =IF(ISBLANK(D66), "", COUNTA(D13:D66)) -> 52 | B66: 08.4.03.03-0004 | C66: Сталь арматурная рифленая свариваемая, класс A500C, диаметр 12 мм | D66: т | E66: 0.33506
A67: =IF(ISBLANK(D67), "", COUNTA(D13:D67)) -> 53 | B67: 08.4.03.03-0031 | C67: Сталь арматурная горячекатаная периодического профиля, класс A-III, диаметр 10 мм | D67: т | E67: 0.0192
A68: =IF(ISBLANK(D68), "", COUNTA(D13:D68)) -> 54 | B68: 05.1.05.16-0122 | C68: Сваи железобетонные, объем от 0,7 до 1,5 м3, бетон В25, расход арматуры от 100 до 150 кг/м3 | D68: м3 | E68: 54.4
A69: =IF(ISBLANK(D69), "", COUNTA(D13:D69)) -> 55 | B69: 02.2.05.04-2104 | C69: Щебень из плотных горных пород для строительных работ М 600, фракция 40-80(70) мм | D69: м3 | E69: 565.6
A70: =IF(ISBLANK(D70), "", COUNTA(D13:D70)) -> 56 | B70: 02.2.05.04-2090 | C70: Щебень из плотных горных пород для строительных работ М 800, фракция 20-40 мм | D70: м3 | E70: 0.33396
A71: =IF(ISBLANK(D71), "", COUNTA(D13:D71)) -> 57 | B71: 12.1.02.01-0011 | C71: Гидроизол, марка ГИ-Г | D71: м2 | E71: 5600.1
A72: =IF(ISBLANK(D72), "", COUNTA(D13:D72)) -> 58 | B72: 01.7.19.06-0012 | C72: Прокладки уплотнительные ПРП-60 | D72: кг | E72: 838.674
A73: =IF(ISBLANK(D73), "", COUNTA(D13:D73)) -> 59 | B73: 08.4.01.02-0013 | C73: Детали закладные и накладные изготовленные с применением сварки, гнутья, сверления (пробивки) отверстий (при наличии одной из этих операций или всего перечня в любых сочетаниях), поставляемые отдельно | D73: т | E73: 1.60678
A74: =IF(ISBLANK(D74), "", COUNTA(D13:D74)) -> 60 | B74: 01.2.03.05-0026 | C74: Праймер битумный для подготовки поверхности из бетона, цемента и металла перед нанесением гидроизоляционных материалов, расход 0,20-0,28 кг/м2 | D74: кг | E74: 712.74
A75: =IF(ISBLANK(D75), "", COUNTA(D13:D75)) -> 61 | B75: 11.1.03.06-0069 | C75: Доска обрезная хвойных пород, естественной влажности, длина 2-6,5 м, ширина 100-250 мм, толщина 25 мм, сорт I | D75: м3 | E75: 5.098323
A76: =IF(ISBLANK(D76), "", COUNTA(D13:D76)) -> 62 | B76: 11.1.03.06-0078 | C76: Доска обрезная хвойных пород, естественной влажности, длина 2-6,5 м, ширина 100-250 мм, толщина 44-50 мм, сорт II | D76: м3 | E76: 4.046
A77: =IF(ISBLANK(D77), "", COUNTA(D13:D77)) -> 63 | B77: 11.1.03.06-0079 | C77: Доска обрезная хвойных пород, естественной влажности, длина 2-6,5 м, ширина 100-250 мм, толщина 44-50 мм, сорт III | D77: м3 | E77: 1.862662
A78: =IF(ISBLANK(D78), "", COUNTA(D13:D78)) -> 64 | B78: 11.1.03.06-0071 | C78: Доска обрезная хвойных пород, естественной влажности, длина 2-6,5 м, ширина 100-250 мм, толщина 25 мм, сорт III | D78: м3 | E78: 0.433276
A79: =IF(ISBLANK(D79), "", COUNTA(D13:D79)) -> 65 | B79: 01.7.15.03-1002 | C79: Болты для монтажа стальных конструкций, в комплекте с гайками и шайбами, диаметр 24-48 мм, длина 55-300 мм | D79: кг | E79: 547.2
A80: =IF(ISBLANK(D80), "", COUNTA(D13:D80)) -> 66 | B80: 01.7.15.03-0042 | C80: Болты с гайками и шайбами строительные | D80: кг | E80: 76.68
A81: =IF(ISBLANK(D81), "", COUNTA(D13:D81)) -> 67 | B81: 14.5.01.06-0003 | C81: Герметик однокомпонентный полиуретановый быстросохнущий высокоэластичный для уплотнения и герметизации внутренних и наружных швов, стыков | D81: л | E81: 78.27
A82: =IF(ISBLANK(D82), "", COUNTA(D13:D82)) -> 68 | B82: 14.5.01.11-0212 | C82: Герметик высыхающий высокоэластичный антикоррозийный на основе дивинилстирольного термоэластопласта для герметизации химической аппаратуры и оборудования, диапазон рабочих температур от -15 до +20 °C | D82: кг | E82: 349.6
A83: =IF(ISBLANK(D83), "", COUNTA(D13:D83)) -> 69 | B83: 12.2.05.06-0036 | C83: Плиты пенополистирольные теплоизоляционные, тип Т, ППС35 | D83: м3 | E83: 12.954
A84: =IF(ISBLANK(D84), "", COUNTA(D13:D84)) -> 70 | B84: 08.4.03.02-0002 | C84: Сталь арматурная горячекатаная гладкая, класс A-I, диаметр 6-22 мм | D84: т | E84: 1.1293402
A85: =IF(ISBLANK(D85), "", COUNTA(D13:D85)) -> 71 | B85: 08.3.08.02-0045 | C85: Уголок стальной горячекатаный равнополочный, марки стали Ст3сп, Ст3пс, ширина полок 63-100 мм, толщина полки 4-16 мм | D85: т | E85: 0.7759
A86: =IF(ISBLANK(D86), "", COUNTA(D13:D86)) -> 72 | B86: 01.7.15.01-1623 | C86: Шпильки анкерные из нержавеющей стали для клеевых анкеров в комплекте с гайкой и шайбой, наружная резьба М20, длина шпильки 240 мм | D86: 10 ШТ | E86: 2
A87: =IF(ISBLANK(D87), "", COUNTA(D13:D87)) -> 73 | B87: 01.3.01.03-0002 | C87: Керосин для технических целей | D87: т | E87: 0.652656
A88: =IF(ISBLANK(D88), "", COUNTA(D13:D88)) -> 74 | B88: 01.2.03.03-0121 | C88: Мастика битумно-полимерная гидроизоляционная, кровельная, для строительных конструкций и устройства (ремонта) кровли, горячая, диапазон температур от -20 до +40 °C, прочность сцепления с металлом/бетоном 0,25-1,0/0,2-0,8 МПа | D88: кг | E88: 417.36
A89: =IF(ISBLANK(D89), "", COUNTA(D13:D89)) -> 75 | B89: 11.2.13.06-0012 | C89: Щиты настила, толщина 25 мм | D89: м2 | E89: 104.04
A90: =IF(ISBLANK(D90), "", COUNTA(D13:D90)) -> 76 | B90: 04.1.02.01-0006 | C90: Смеси бетонные мелкозернистого бетона (БСМ), класс В15 (М200) | D90: м3 | E90: 3.75144
A91: =IF(ISBLANK(D91), "", COUNTA(D13:D91)) -> 77 | B91: 01.7.11.07-0227 | C91: Электроды сварочные для сварки низколегированных и углеродистых сталей УОНИ 13/45, Э42А, диаметр 4-5 мм | D91: кг | E91: 126.48
A92: =IF(ISBLANK(D92), "", COUNTA(D13:D92)) -> 78 | B92: 01.7.11.07-0054 | C92: Электроды сварочные для сварки низколегированных и углеродистых сталей АНО-6, Э42, диаметр 6 мм | D92: т | E92: 0.0103488
A93: =IF(ISBLANK(D93), "", COUNTA(D13:D93)) -> 79 | B93: 01.3.01.01-1014 | C93: Бензин-растворитель нефтяной Нефрас-С 50/170 | D93: т | E93: 0.1756395
A94: =IF(ISBLANK(D94), "", COUNTA(D13:D94)) -> 80 | B94: 01.7.15.06-0111 | C94: Гвозди строительные | D94: т | E94: 0.2087856
A95: =IF(ISBLANK(D95), "", COUNTA(D13:D95)) -> 81 | B95: 01.7.07.12-0024 | C95: Пленка полиэтиленовая, толщина 0,15 мм | D95: м2 | E95: 785.7138
A96: =IF(ISBLANK(D96), "", COUNTA(D13:D96)) -> 82 | B96: 08.3.03.06-0002 | C96: Проволока горячекатаная в мотках, диаметр 6,3-6,5 мм | D96: т | E96: 0.1599251
A97: =IF(ISBLANK(D97), "", COUNTA(D13:D97)) -> 83 | B97: 04.3.01.12-0002 | C97: Раствор кладочный, цементно-известковый, М25 | D97: м3 | E97: 2.601
A98: =IF(ISBLANK(D98), "", COUNTA(D13:D98)) -> 84 | B98: 11.1.03.01-0100 | C98: Бруски обрезные хвойных пород (ель, сосна), сухие, длина 2-6,5 м, ширина 20-90 мм, толщина 20-90 мм, сорт I | D98: м3 | E98: 0.413886
A99: =IF(ISBLANK(D99), "", COUNTA(D13:D99)) -> 85 | B99: 11.1.03.01-0063 | C99: Бруски обрезные хвойных пород (ель, сосна), естественной влажности, длина 2-6,5 м, ширина 20-90 мм, толщина 20-90 мм, сорт III | D99: м3 | E99: 0.12141
A100: =IF(ISBLANK(D100), "", COUNTA(D13:D100)) -> 86 | B100: 01.7.03.01-0001 | C100: Вода | D100: м3 | E100: 81.930103
A101: =IF(ISBLANK(D101), "", COUNTA(D13:D101)) -> 87 | B101: 01.2.01.02-0011 | C101: Битум разжиженный РБ-1 | D101: т | E101: 0.027824
A102: =IF(ISBLANK(D102), "", COUNTA(D13:D102)) -> 88 | B102: 01.7.15.14-0092 | C102: Шурупы самонарезающие стальные оксидированные с потайной головкой и крестообразным шлицем, остроконечные, диаметр 6 мм, длина 90 мм | D102: кг | E102: 21.540885
A103: =IF(ISBLANK(D103), "", COUNTA(D13:D103)) -> 89 | B103: 03.1.02.03-0011 | C103: Известь строительная негашеная комовая, сорт I | D103: т | E103: 0.20930412
A104: =IF(ISBLANK(D104), "", COUNTA(D13:D104)) -> 90 | B104: 14.1.06.06-1023 | C104: Состав клеевой двухкомпонентный инъекционный на основе винилэстеровой смолы для тяжелых анкерных креплений в бетоне, температура эксплуатации от -40 °C до +40 °C | D104: л | E104: 0.348
A105: =IF(ISBLANK(D105), "", COUNTA(D13:D105)) -> 91 | B105: 01.7.03.04-0001 | C105: Электроэнергия | D105: КВТ-Ч | E105: 97.824231
A106: =IF(ISBLANK(D106), "", COUNTA(D13:D106)) -> 92 | B106: 11.1.02.04-0031 | C106: Лесоматериалы круглые хвойных пород неокоренные, длина 3-6,5 м, диаметр 14-24 см, сорт II-III | D106: м3 | E106: 0.0802032
...

Sheet ОРВ
Q1: =G199 -> 22484088 | S1: =G29 -> 2267582.6 | T1: =G31 -> 316726.41 | U1: =G84 -> 609602.82 | V1: =G193 -> 14782332
A2: ОБЪЕКТНАЯ РЕСУРСНАЯ ВЕДОМОСТЬ
A5: (наименование показателя)
A7: Измеритель:
A9: № п/п | B9: Код ресурса | C9: Наименование ресурса | D9: Ед.изм. | E9: Кол-во единиц по проектным данным | F9: Сметная стоимость в текущих ценах (руб.)
F10: на ед.изм. | G10: общая
A11: 1 | B11: 2 | C11: 3 | D11: 4 | E11: 5 | F11: 6 | G11: 7
C12: Затраты труда рабочих-строителей
A13: 1 | B13: 1-100-30 | C13: Средний разряд работы 3,0 | D13: чел.-ч. | E13: 1772.8484 | F13: =Source!I15 -> 435.6 | G13: =Source!J15 -> 772252.75 | O13: 772252.75
A14: =IF(ISBLANK(D14), "", COUNTA(D13:D14)) -> 2 | B14: 1-100-35 | C14: Средний разряд работы 3,5 | D14: чел.-ч. | E14: 905.96116 | F14: =Source!I16 -> 463.05 | G14: =Source!J16 -> 419505.32 | O14: 419505.32
A15: =IF(ISBLANK(D15), "", COUNTA(D13:D15)) -> 3 | B15: 1-100-32 | C15: Средний разряд работы 3,2 | D15: чел.-ч. | E15: 574.461 | F15: =Source!I17 -> 446.58 | G15: =Source!J17 -> 256542.79 | O15: 256542.79
A16: =IF(ISBLANK(D16), "", COUNTA(D13:D16)) -> 4 | B16: 1-100-22 | C16: Средний разряд работы 2,2 | D16: чел.-ч. | E16: 417.945 | F16: =Source!I18 -> 406.32 | G16: =Source!J18 -> 169819.41 | O16: 169819.41
A17: =IF(ISBLANK(D17), "", COUNTA(D13:D17)) -> 5 | B17: 1-100-20 | C17: Средний разряд работы 2,0 | D17: чел.-ч. | E17: 365.24641 | F17: =Source!I19 -> 398.99 | G17: =Source!J19 -> 145729.67 | O17: 145729.67
A18: =IF(ISBLANK(D18), "", COUNTA(D13:D18)) -> 6 | B18: 1-100-39 | C18: Средний разряд работы 3,9 | D18: чел.-ч. | E18: 271.82115 | F18: =Source!I20 -> 485.02 | G18: =Source!J20 -> 131838.69 | O18: 131838.69
A19: =IF(ISBLANK(D19), "", COUNTA(D13:D19)) -> 7 | B19: 1-100-38 | C19: Средний разряд работы 3,8 | D19: чел.-ч. | E19: 227.1018 | F19: =Source!I21 -> 479.53 | G19: =Source!J21 -> 108902.13 | O19: 108902.13
A20: =IF(ISBLANK(D20), "", COUNTA(D13:D20)) -> 8 | B20: 1-100-15 | C20: Средний разряд работы 1,5 | D20: чел.-ч. | E20: 191.337 | F20: =Source!I22 -> 382.52 | G20: =Source!J22 -> 73190.23 | O20: 73190.23
A21: =IF(ISBLANK(D21), "", COUNTA(D13:D21)) -> 9 | B21: 1-100-33 | C21: Средний разряд работы 3,3 | D21: чел.-ч. | E21: 111.24 | F21: =Source!I23 -> 452.07 | G21: =Source!J23 -> 50288.27 | O21: 50288.27
A22: =IF(ISBLANK(D22), "", COUNTA(D13:D22)) -> 10 | B22: 1-100-40 | C22: Средний разряд работы 4,0 | D22: чел.-ч. | E22: 88.85184 | F22: =Source!I24 -> 490.51 | G22: =Source!J24 -> 43582.72 | O22: 43582.72
A23: =IF(ISBLANK(D23), "", COUNTA(D13:D23)) -> 11 | B23: 1-100-34 | C23: Средний разряд работы 3,4 | D23: чел.-ч. | E23: 92.4 | F23: =Source!I25 -> 457.56 | G23: =Source!J25 -> 42278.54 | O23: 42278.54
A24: =IF(ISBLANK(D24), "", COUNTA(D13:D24)) -> 12 | B24: 2-100-03 | C24: Рабочий 3 разряда | D24: чел.-ч | E24: 84.752565 | F24: =Source!I26 -> 435.6 | G24: =Source!J26 -> 36918.22 | O24: 36918.22
A25: =IF(ISBLANK(D25), "", COUNTA(D13:D25)) -> 13 | B25: 1-100-27 | C25: Средний разряд работы 2,7 | D25: чел.-ч. | E25: 25.33339 | F25: =Source!I27 -> 424.62 | G25: =Source!J27 -> 10757.06 | O25: 10757.06
A26: =IF(ISBLANK(D26), "", COUNTA(D13:D26)) -> 14 | B26: 2-100-02 | C26: Рабочий 2 разряда | D26: чел.-ч | E26: 9.4065 | F26: =Source!I28 -> 398.99 | G26: =Source!J28 -> 3753.1 | O26: 3753.1
A27: =IF(ISBLANK(D27), "", COUNTA(D13:D27)) -> 15 | B27: 1-100-47 | C27: Средний разряд работы 4,7 | D27: чел.-ч. | E27: 2.387907 | F27: =Source!I29 -> 541.75 | G27: =Source!J29 -> 1293.65 | O27: 1293.65
A28: =IF(ISBLANK(D28), "", COUNTA(D13:D28)) -> 16 | B28: 1-100-37 | C28: Средний разряд работы 3,7 | D28: чел.-ч. | E28: 1.962 | F28: =Source!I30 -> 474.03 | G28: =Source!J30 -> 930.05 | O28: 930.05
C29: Итого затраты труда рабочих строителей, чел.-ч | E29: =Source!D201 -> 5143.0561 | F29: =G29/E29 -> 440.90178 | G29: =Source!D194 -> 2267582.6 | P29: =G29 -> 2267582.6
C30: Затраты труда машинистов
A31: =IF(ISBLANK(D31), "", COUNTA(D13:D31)) -> 17 | B31: 2 | C31: Затраты труда машинистов | D31: чел.-ч. | E31: =Source!D202 -> 597.77329 | F31: =G31/E31 -> 529.84369 | G31: =Source!D193 -> 316726.41
C32: Машины и механизмы
C33: Основные машины и механизмы
B34: 91.05.01. | C34: Краны башенные | G34: 183993.16
A35: =IF(ISBLANK(D35), "", COUNTA(D13:D35)) -> 18 | B35: 91.05.01-017 | C35: Краны башенные, грузоподъемность 8 т | D35: маш.-ч | E35: 192.50778 | F35: =Source!I32 -> 955.77 | G35: =Source!J32 -> 183993.16 | O35: 183993.16
B36: 91.01.05. | C36: Экскаваторы | G36: 74660.02
A37: =IF(ISBLANK(D37), "", COUNTA(D13:D37)) -> 19 | B37: 91.01.05-085 | C37: Экскаваторы одноковшовые дизельные на гусеничном ходу, объем ковша 0,5 м3 | D37: маш.-ч | E37: 70.832916 | F37: =Source!I34 -> 1054.03 | G37: =Source!J34 -> 74660.02 | O37: 74660.02
B38: 91.01.01. | C38: Бульдозеры | G38: 68016.67
A39: =IF(ISBLANK(D39), "", COUNTA(D13:D39)) -> 20 | B39: 91.01.01-036 | C39: Бульдозеры, мощность 96 кВт (130 л.с.) | D39: маш.-ч | E39: 29.38848 | F39: =Source!I36 -> 1061.99 | G39: =Source!J36 -> 31210.27 | O39: 31210.27
A40: =IF(ISBLANK(D40), "", COUNTA(D13:D40)) -> 21 | B40: 91.01.01-034 | C40: Бульдозеры, мощность 59 кВт (80 л.с.) | D40: маш.-ч | E40: 23.076636 | F40: =Source!I37 -> 828.16 | G40: =Source!J37 -> 19111.15 | O40: 19111.15
A41: =IF(ISBLANK(D41), "", COUNTA(D13:D41)) -> 22 | B41: 91.01.01-035 | C41: Бульдозеры, мощность 79 кВт (108 л.с.) | D41: маш.-ч | E41: 19.937412 | F41: =Source!I38 -> 887.54 | G41: =Source!J38 -> 17695.25 | O41: 17695.25
B42: 91.06.05. | C42: Погрузчики | G42: 45061.22
A43: =IF(ISBLANK(D43), "", COUNTA(D13:D43)) -> 23 | B43: 91.06.05-057 | C43: Погрузчики одноковшовые универсальные фронтальные пневмоколесные, номинальная вместимость основного ковша 1,5 м3, грузоподъемность 3 т | D43: маш.-ч | E43: 34.419 | F43: =Source!I40 -> 1246.67 | G43: =Source!J40 -> 42909.13 | O43: 42909.13
A44: =IF(ISBLANK(D44), "", COUNTA(D13:D44)) -> 24 | B44: 91.06.05-011 | C44: Погрузчики одноковшовые универсальные фронтальные пневмоколесные, номинальная вместимость основного ковша 2,6 м3, грузоподъемность 5 т | D44: маш.-ч | E44: 1.3809702 | F44: =Source!I41 -> 1558.39 | G44: =Source!J41 -> 2152.09 | O44: 2152.09
B45: 91.18.01. | C45: Компрессоры передвижные | G45: 41250.46
A46: =IF(ISBLANK(D46), "", COUNTA(D13:D46)) -> 25 | B46: 91.18.01-007 | C46: Компрессоры винтовые передвижные с двигателем внутреннего сгорания, давление до 0,7 МПа (7 атм), производительность до 5,4 м3/мин | D46: маш.-ч | E46: 115.54752 | F46: =Source!I43 -> 357 | G46: =Source!J43 -> 41250.46 | O46: 41250.46
B47: 91.02.05. | C47: Машины и агрегаты для свайных и шпунтовых работ, не включенные в группы | G47: 33643.27
A48: =IF(ISBLANK(D48), "", COUNTA(D13:D48)) -> 26 | B48: 91.02.05-011 | C48: Установки для вдавливания свай, усилие вдавливания 92 т | D48: маш.-ч | E48: 33.184 | F48: =Source!I45 -> 1013.84 | G48: =Source!J45 -> 33643.27 | O48: 33643.27
B49: 91.05.05. | C49: Краны на автомобильном ходу | G49: 29630.64
A50: =IF(ISBLANK(D50), "", COUNTA(D13:D50)) -> 27 | B50: 91.05.05-015 | C50: Краны на автомобильном ходу, грузоподъемность 16 т | D50: маш.-ч | E50: 19.101877 | F50: =Source!I47 -> 1551.19 | G50: =Source!J47 -> 29630.64 | O50: 29630.64
B51: 91.14.02. | C51: Автомобили бортовые | G51: 19030.68
A52: =IF(ISBLANK(D52), "", COUNTA(D13:D52)) -> 28 | B52: 91.14.02-001 | C52: Автомобили бортовые, грузоподъемность до 5 т | D52: маш.-ч | E52: 39.819801 | F52: =Source!I49 -> 477.92 | G52: =Source!J49 -> 19030.68 | O52: 19030.68
B53: 91.08.05. | C53: Машины и агрегаты бетоноукладочные | G53: 14957.84
A54: =IF(ISBLANK(D54), "", COUNTA(D13:D54)) -> 29 | B54: 91.08.05-052 | C54: Машины бетоноукладочного комплекта на рельс-формах нарезчики швов в свежеуложенном цементо-бетоне | D54: маш.-ч | E54: 7.3052 | F54: =Source!I51 -> 2047.56 | G54: =Source!J51 -> 14957.84 | O54: 14957.84
B55: 91.05.06. | C55: Краны на гусеничном ходу | G55: 12712.92
A56: =IF(ISBLANK(D56), "", COUNTA(D13:D56)) -> 30 | B56: 91.05.06-007 | C56: Краны на гусеничном ходу, грузоподъемность 25 т | D56: маш.-ч | E56: 7.4637024 | F56: =Source!I53 -> 1703.3 | G56: =Source!J53 -> 12712.92 | O56: 12712.92
C57: Итого основные машины и механизмы | G57: =SUM(O33:O57) -> 522956.88
C58: Прочие машины и механизмы
B59: 91.08.04. | C59: Машины для разогрева битума и асфальтобетона | G59: 8590.85
A60: =IF(ISBLANK(D60), "", COUNTA(D13:D60)) -> 31 | B60: 91.08.04-021 | C60: Котлы битумные передвижные электрические с центробежной мешалкой, объем загрузочной емкости 400 л | D60: маш.-ч | E60: 90.1926 | F60: =Source!I55 -> 95.25 | G60: =Source!J55 -> 8590.85 | O60: 8590.85
B61: 91.08.09. | C61: Трамбовки и виброплиты | G61: 4277.16
A62: =IF(ISBLANK(D62), "", COUNTA(D13:D62)) -> 32 | B62: 91.08.09-024 | C62: Трамбовки пневматические при работе от стационарного компрессора | D62: маш.-ч | E62: 196.68 | F62: =Source!I57 -> 17.45 | G62: =Source!J57 -> 3432.07 | O62: 3432.07
A63: =IF(ISBLANK(D63), "", COUNTA(D13:D63)) -> 33 | B63: 91.08.09-023 | C63: Трамбовки пневматические при работе от передвижных компрессорных установок | D63: маш.-ч | E63: 350.658 | F63: =Source!I58 -> 2.41 | G63: =Source!J58 -> 845.09 | O63: 845.09
B64: 91.14.04. | C64: Автомобили тягачи | G64: 3862.61
A65: =IF(ISBLANK(D65), "", COUNTA(D13:D65)) -> 34 | B65: 91.14.04-001 | C65: Тягачи седельные, нагрузка на седельно-сцепное устройство до 12 т | D65: маш.-ч | E65: 3.808 | F65: =Source!I60 -> 1014.34 | G65: =Source!J60 -> 3862.61 | O65: 3862.61
B66: 91.17.04. | C66: Устройства и агрегаты сварочные | G66: 2913.57
A67: =IF(ISBLANK(D67), "", COUNTA(D13:D67)) -> 35 | B67: 91.17.04-233 | C67: Аппараты сварочные для ручной дуговой сварки, сварочный ток до 350 А | D67: маш.-ч | E67: 104.25206 | F67: =Source!I62 -> 27.77 | G67: =Source!J62 -> 2895.08 | O67: 2895.08
A68: =IF(ISBLANK(D68), "", COUNTA(D13:D68)) -> 36 | B68: 91.17.04-042 | C68: Аппараты для газовой сварки и резки | D68: маш.-ч | E68: 4.25 | F68: =Source!I63 -> 4.35 | G68: =Source!J63 -> 18.49 | O68: 18.49
B69: 91.07.04. | C69: Виброоборудование | G69: 1084.4
A70: =IF(ISBLANK(D70), "", COUNTA(D13:D70)) -> 37 | B70: 91.07.04-001 | C70: Вибраторы глубинные | D70: маш.-ч | E70: 79.630555 | F70: =Source!I65 -> 10.37 | G70: =Source!J65 -> 825.77 | O70: 825.77
A71: =IF(ISBLANK(D71), "", COUNTA(D13:D71)) -> 38 | B71: 91.07.04-002 | C71: Вибраторы поверхностные | D71: маш.-ч | E71: 30.28428 | F71: =Source!I66 -> 8.54 | G71: =Source!J66 -> 258.63 | O71: 258.63
B72: 91.14.05. | C72: Прицепы, полуприцепы | G72: 402.66
A73: =IF(ISBLANK(D73), "", COUNTA(D13:D73)) -> 39 | B73: 91.14.05-012 | C73: Полуприцепы общего назначения, грузоподъемность до 15 т | D73: маш.-ч | E73: 3.808 | F73: =Source!I68 -> 105.74 | G73: =Source!J68 -> 402.66 | O73: 402.66
B74: 91.21.10. | C74: Молотки отбойные | G74: 156.52
A75: =IF(ISBLANK(D75), "", COUNTA(D13:D75)) -> 40 | B75: 91.21.10-002 | C75: Молотки отбойные пневматические при работе от передвижных компрессоров | D75: маш.-ч | E75: 56.1 | F75: =Source!I70 -> 2.79 | G75: =Source!J70 -> 156.52 | O75: 156.52
B76: 91.06.03. | C76: Лебедки | G76: 87.36
A77: =IF(ISBLANK(D77), "", COUNTA(D13:D77)) -> 41 | B77: 91.06.03-055 | C77: Лебедки электрические тяговым усилием 19,62 кН (2 т) | D77: маш.-ч | E77: 5.715 | F77: =Source!I72 -> 15.27 | G77: =Source!J72 -> 87.27 | O77: 87.27
A78: =IF(ISBLANK(D78), "", COUNTA(D13:D78)) -> 42 | B78: 91.06.03-060 | C78: Лебедки электрические тяговым усилием до 5,79 кН (0,59 т) | D78: маш.-ч | E78: 0.013491 | F78: =Source!I73 -> 6.62 | G78: =Source!J73 -> 0.09 | O78: 0.09
B79: 91.21.22. | C79: Инструменты механизированные, приспособления, станки, агрегаты, не включенные в группы | G79: 14.4
A80: =IF(ISBLANK(D80), "", COUNTA(D13:D80)) -> 43 | B80: 91.21.22-638 | C80: Пылесосы промышленные, мощность до 2000 Вт | D80: маш.-ч | E80: 2.2644 | F80: =Source!I75 -> 6.36 | G80: =Source!J75 -> 14.4 | O80: 14.4
B81: 91.21.01. | C81: Агрегаты для нанесения покрытий, окрасочные | G81: 6.65
A82: =IF(ISBLANK(D82), "", COUNTA(D13:D82)) -> 44 | B82: 91.21.01-012 | C82: Агрегаты окрасочные высокого давления для окраски поверхностей конструкций, мощность 1 кВт | D82: маш.-ч | E82: 1.088274 | F82: =Source!I77 -> 6.11 | G82: =Source!J77 -> 6.65 | O82: 6.65
C83: Итого прочие машины и механизмы | G83: =Source!D191-SUM(O33:O57) -> 86645.94
C84: Итого по разделу | G84: =Source!D191 -> 609602.82 | H84: =G57+G83 -> 609602.82 | P84: =G84 -> 609602.82
C85: Материалы
C86: Основные материалы
B87: 04.1.02.05. | C87: Смеси бетонные тяжелого конструкционного бетона | G87: 4723040.5
A88: =IF(ISBLANK(D88), "", COUNTA(D13:D88)) -> 45 | B88: 04.1.02.05-0006 | C88: Смеси бетонные тяжелого бетона (БСТ), класс В15 (М200) | D88: м3 | E88: 553.7475 | F88: =Source!I79 -> 5691.288 | G88: =Source!J79 -> 3151537.6 | O88: 3151537.6
A89: =IF(ISBLANK(D89), "", COUNTA(D13:D89)) -> 46 | B89: 04.1.02.05-0003 | C89: Смеси бетонные тяжелого бетона (БСТ), класс В7,5 (М100) | D89: м3 | E89: 254.63 | F89: =Source!I80 -> 5388.47 | G89: =Source!J80 -> 1372066.1 | O89: 1372066.1
A90: =IF(ISBLANK(D90), "", COUNTA(D13:D90)) -> 47 | B90: 04.1.02.05-0007 | C90: Смеси бетонные тяжелого бетона (БСТ), класс В20 (М250) | D90: м3 | E90: 31.3635 | F90: =Source!I81 -> 6358.88 | G90: =Source!J81 -> 199436.73 | O90: 199436.73
B91: 02.3.01.02. | C91: Песок для строительных работ | G91: 2845796.1
A92: =IF(ISBLANK(D92), "", COUNTA(D13:D92)) -> 48 | B92: 02.3.01.02-1118 | C92: Песок природный для строительных работ II класс, средний | D92: м3 | E92: 3706.96 | F92: =Source!I83 -> 767.69 | G92: =Source!J83 -> 2845796.1 | O92: 2845796.1
B93: 08.4.03.03. | C93: Сталь арматурная периодического профиля | G93: 2714299.3
A94: =IF(ISBLANK(D94), "", COUNTA(D13:D94)) -> 49 | B94: 08.4.03.03-0032 | C94: Сталь арматурная горячекатаная периодического профиля, класс A-III, диаметр 12 мм | D94: т | E94: 30.97145 | F94: =Source!I85 -> 60623.42 | G94: =Source!J85 -> 1877595.2 | O94: 1877595.2
A95: =IF(ISBLANK(D95), "", COUNTA(D13:D95)) -> 50 | B95: 08.4.03.03-0029 | C95: Сталь арматурная горячекатаная периодического профиля, класс A-III, диаметр 6 мм | D95: т | E95: 12.3493 | F95: =Source!I86 -> 64618.42 | G95: =Source!J86 -> 797992.25 | O95: 797992.25
A96: =IF(ISBLANK(D96), "", COUNTA(D13:D96)) -> 51 | B96: 08.4.03.03-0034 | C96: Сталь арматурная горячекатаная периодического профиля, класс A-III, диаметр 16-18 мм | D96: т | E96: 0.3571 | F96: =Source!I87 -> 56804.2 | G96: =Source!J87 -> 20284.78 | O96: 20284.78
A97: =IF(ISBLANK(D97), "", COUNTA(D13:D97)) -> 52 | B97: 08.4.03.03-0004 | C97: Сталь арматурная рифленая свариваемая, класс A500C, диаметр 12 мм | D97: т | E97: 0.33506 | F97: =Source!I88 -> 51475.67 | G97: =Source!J88 -> 17247.44 | O97: 17247.44
A98: =IF(ISBLANK(D98), "", COUNTA(D13:D98)) -> 53 | B98: 08.4.03.03-0031 | C98: Сталь арматурная горячекатаная периодического профиля, класс A-III, диаметр 10 мм | D98: т | E98: 0.0192 | F98: =Source!I89 -> 61438.4 | G98: =Source!J89 -> 1179.62 | O98: 1179.62
B99: 05.1.05.16. | C99: Конструкции фундаментов, не включенные в группы | G99: 1299791.7
A100: =IF(ISBLANK(D100), "", COUNTA(D13:D100)) -> 54 | B100: 05.1.05.16-0122 | C100: Сваи железобетонные, объем от 0,7 до 1,5 м3, бетон В25, расход арматуры от 100 до 150 кг/м3 | D100: м3 | E100: 54.4 | F100: =Source!I91 -> 23893.232 | G100: =Source!J91 -> 1299791.7 | O100: 1299791.7
B101: 02.2.05.04. | C101: Щебень из плотных горных пород | G101: 966832.49
A102: =IF(ISBLANK(D102), "", COUNTA(D13:D102)) -> 55 | B102: 02.2.05.04-2104 | C102: Щебень из плотных горных пород для строительных работ М 600, фракция 40-80(70) мм | D102: м3 | E102: 565.6 | F102: =Source!I93 -> 1707.89 | G102: =Source!J93 -> 965982.58 | O102: 965982.58
A103: =IF(ISBLANK(D103), "", COUNTA(D13:D103)) -> 56 | B103: 02.2.05.04-2090 | C103: Щебень из плотных горных пород для строительных работ М 800, фракция 20-40 мм | D103: м3 | E103: 0.33396 | F103: =Source!I94 -> 2544.95 | G103: =Source!J94 -> 849.91 | O103: 849.91
B104: 12.1.02.01. | C104: Гидроизолы | G104: 650955.62
...

Sheet Таблица1
Q1: =G49 -> 22484088 | R1: =РМ!B47 -> 28906931 | S1: =G14 -> 2267582.6 | T1: =G16 -> 316726.41 | U1: =G32 -> 609602.82 | V1: =G44 -> 14782332
B2: ТАБЛИЦА № 1. РАСЧЕТ СТОИМОСТИ СМР И ОБОРУДОВАНИЯ
B5: (наименование показателя)
A7: Измеритель:
A9: № п/п | B9: Код ресурса | C9: Наименование | D9: Ед. изм. | E9: Кол-во единиц по проектным данным | F9: Сметная стоимость в текущих ценах (руб.) | H9: Удель-ный вес, %
F10: на ед.изм. | G10: общая
A11: 1 | B11: 2 | C11: 3 | D11: 4 | E11: 5 | F11: 6 | G11: 7 | H11: 8
B12: Затраты труда рабочих-строителей
A13: 1 | C13: Затраты труда рабочих-строителей среднего разряда | D13: чел.-ч. | E13: =Source!D201 -> 5143.0561 | F13: =G13/E13 -> 440.90178 | G13: =Source!D194 -> 2267582.6 | H13: =G13/S1*100 -> 100
C14: Итого по разделу "Затраты труда рабочих-строителей" | G14: =G13 -> 2267582.6 | H14: =G14/S1*100 -> 100 | P14: =G14 -> 2267582.6
B15: Затраты труда машинистов
A16: =IF(ISBLANK(D16), "", COUNTA(D13:D16)) -> 2 | C16: Затраты труда машинистов | D16: чел.-ч. | E16: =Source!D202 -> 597.77329 | F16: =G16/E16 -> 529.84369 | G16: =Source!D193 -> 316726.41
B17: Машины и механизмы
B18: Основные машины и механизмы
A19: =IF(ISBLANK(D19), "", COUNTA(D13:D19)) -> 3 | B19: 91.05.01-017 | C19: Краны башенные, грузоподъемность 8 т | D19: маш.-ч | E19: =Source!J31/Source!J32*Source!H32 -> 192.50778 | F19: =Source!I32 -> 955.77 | G19: =Source!J31 -> 183993.16 | H19: =G19/U1*100 -> 30.182465 | O19: 183993.16
A20: =IF(ISBLANK(D20), "", COUNTA(D13:D20)) -> 4 | B20: 91.01.05-085 | C20: Экскаваторы одноковшовые дизельные на гусеничном ходу, объем ковша 0,5 м3 | D20: маш.-ч | E20: =Source!J33/Source!J34*Source!H34 -> 70.832916 | F20: =Source!I34 -> 1054.03 | G20: =Source!J33 -> 74660.02 | H20: =G20/U1*100 -> 12.247322 | O20: 74660.02
A21: =IF(ISBLANK(D21), "", COUNTA(D13:D21)) -> 5 | B21: 91.01.01-036 | C21: Бульдозеры, мощность 96 кВт (130 л.с.) | D21: маш.-ч | E21: =Source!J35/Source!J36*Source!H36 -> 64.046436 | F21: =Source!I36 -> 1061.99 | G21: =Source!J35 -> 68016.67 | H21: =G21/U1*100 -> 11.157539 | O21: 68016.67
A22: =IF(ISBLANK(D22), "", COUNTA(D13:D22)) -> 6 | B22: 91.06.05-057 | C22: Погрузчики одноковшовые универсальные фронтальные пневмоколесные, номинальная вместимость основного ковша 1,5 м3, грузоподъемность 3 т | D22: маш.-ч | E22: =Source!J39/Source!J40*Source!H40 -> 36.145271 | F22: =Source!I40 -> 1246.67 | G22: =Source!J39 -> 45061.22 | H22: =G22/U1*100 -> 7.3918982 | O22: 45061.22
A23: =IF(ISBLANK(D23), "", COUNTA(D13:D23)) -> 7 | B23: 91.18.01-007 | C23: Компрессоры винтовые передвижные с двигателем внутреннего сгорания, давление до 0,7 МПа (7 атм), производительность до 5,4 м3/мин | D23: маш.-ч | E23: =Source!J42/Source!J43*Source!H43 -> 115.54752 | F23: =Source!I43 -> 357 | G23: =Source!J42 -> 41250.46 | H23: =G23/U1*100 -> 6.7667764 | O23: 41250.46
A24: =IF(ISBLANK(D24), "", COUNTA(D13:D24)) -> 8 | B24: 91.02.05-011 | C24: Установки для вдавливания свай, усилие вдавливания 92 т | D24: маш.-ч | E24: =Source!J44/Source!J45*Source!H45 -> 33.184 | F24: =Source!I45 -> 1013.84 | G24: =Source!J44 -> 33643.27 | H24: =G24/U1*100 -> 5.5188836 | O24: 33643.27
A25: =IF(ISBLANK(D25), "", COUNTA(D13:D25)) -> 9 | B25: 91.05.05-015 | C25: Краны на автомобильном ходу, грузоподъемность 16 т | D25: маш.-ч | E25: =Source!J46/Source!J47*Source!H47 -> 19.101877 | F25: =Source!I47 -> 1551.19 | G25: =Source!J46 -> 29630.64 | H25: =G25/U1*100 -> 4.8606468 | O25: 29630.64
A26: =IF(ISBLANK(D26), "", COUNTA(D13:D26)) -> 10 | B26: 91.14.02-001 | C26: Автомобили бортовые, грузоподъемность до 5 т | D26: маш.-ч | E26: =Source!J48/Source!J49*Source!H49 -> 39.819801 | F26: =Source!I49 -> 477.92 | G26: =Source!J48 -> 19030.68 | H26: =G26/U1*100 -> 3.1218163 | O26: 19030.68
A27: =IF(ISBLANK(D27), "", COUNTA(D13:D27)) -> 11 | B27: 91.08.05-052 | C27: Машины бетоноукладочного комплекта на рельс-формах нарезчики швов в свежеуложенном цементо-бетоне | D27: маш.-ч | E27: =Source!J50/Source!J51*Source!H51 -> 7.3052 | F27: =Source!I51 -> 2047.56 | G27: =Source!J50 -> 14957.84 | H27: =G27/U1*100 -> 2.4537026 | O27: 14957.84
A28: =IF(ISBLANK(D28), "", COUNTA(D13:D28)) -> 12 | B28: 91.05.06-007 | C28: Краны на гусеничном ходу, грузоподъемность 25 т | D28: маш.-ч | E28: =Source!J52/Source!J53*Source!H53 -> 7.4637024 | F28: =Source!I53 -> 1703.3 | G28: =Source!J52 -> 12712.92 | H28: =G28/U1*100 -> 2.0854431 | O28: 12712.92
C29: Итого основные машины и механизмы | G29: =SUM(O18:O29) -> 522956.88 | H29: =G29/U1*100 -> 85.786493
B30: Прочие машины и механизмы
C31: Итого прочие машины и механизмы | G31: =Source!D191-SUM(O18:O29) -> 86645.94 | H31: =G31/U1*100 -> 14.213507
C32: Итого по разделу "машины и механизмы" | G32: =Source!D191 -> 609602.82 | H32: =G32/U1*100 -> 100 | P32: =G32 -> 609602.82
B33: Материалы
B34: Основные материалы
A35: =IF(ISBLANK(D35), "", COUNTA(D13:D35)) -> 13 | B35: 04.1.02.05-0006 | C35: Смеси бетонные тяжелого бетона (БСТ), класс В15 (М200) | D35: м3 | E35: =Source!J78/Source!J79*Source!H79 -> 829.87169 | F35: =Source!I79 -> 5691.288 | G35: =Source!J78 -> 4723040.5 | H35: =G35/V1*100 -> 31.950578 | O35: 4723040.5
A36: =IF(ISBLANK(D36), "", COUNTA(D13:D36)) -> 14 | B36: 02.3.01.02-1118 | C36: Песок природный для строительных работ II класс, средний | D36: м3 | E36: =Source!J82/Source!J83*Source!H83 -> 3706.96 | F36: =Source!I83 -> 767.69 | G36: =Source!J82 -> 2845796.1 | H36: =G36/V1*100 -> 19.251334 | O36: 2845796.1
A37: =IF(ISBLANK(D37), "", COUNTA(D13:D37)) -> 15 | B37: 08.4.03.03-0032 | C37: Сталь арматурная горячекатаная периодического профиля, класс A-III, диаметр 12 мм | D37: т | E37: =Source!J84/Source!J85*Source!H85 -> 44.773114 | F37: =Source!I85 -> 60623.42 | G37: =Source!J84 -> 2714299.3 | H37: =G37/V1*100 -> 18.36178 | O37: 2714299.3
A38: =IF(ISBLANK(D38), "", COUNTA(D13:D38)) -> 16 | B38: 05.1.05.16-0122 | C38: Сваи железобетонные, объем от 0,7 до 1,5 м3, бетон В25, расход арматуры от 100 до 150 кг/м3 | D38: м3 | E38: =Source!J90/Source!J91*Source!H91 -> 54.4 | F38: =Source!I91 -> 23893.232 | G38: =Source!J90 -> 1299791.7 | H38: =G38/V1*100 -> 8.7928732 | O38: 1299791.7
A39: =IF(ISBLANK(D39), "", COUNTA(D13:D39)) -> 17 | B39: 02.2.05.04-2104 | C39: Щебень из плотных горных пород для строительных работ М 600, фракция 40-80(70) мм | D39: м3 | E39: =Source!J92/Source!J93*Source!H93 -> 566.09764 | F39: =Source!I93 -> 1707.89 | G39: =Source!J92 -> 966832.49 | H39: =G39/V1*100 -> 6.5404599 | O39: 966832.49
A40: =IF(ISBLANK(D40), "", COUNTA(D13:D40)) -> 18 | B40: 12.1.02.01-0011 | C40: Гидроизол, марка ГИ-Г | D40: м2 | E40: =Source!J95/Source!J96*Source!H96 -> 5600.1 | F40: =Source!I96 -> 116.235 | G40: =Source!J95 -> 650955.62 | H40: =G40/V1*100 -> 4.4036057 | O40: 650955.62
C41: Итого основные материалы | G41: =SUM(O34:O41) -> 13200716 | H41: =G41/V1*100 -> 89.300631
B42: Прочие материалы
C43: Итого прочие материалы | G43: =Source!D185-SUM(O34:O41) -> 1581616.3 | H43: =G43/V1*100 -> 10.699369
C44: Итого по разделу "материалы" | G44: =Source!D185 -> 14782332 | H44: =G44/V1*100 -> 100 | P44: =G44 -> 14782332
C45: Итого по РМ | G45: =ОРВ!G194 -> 17659517
C46: Накладные расходы | D46: руб. | G46: =ОРВ!G195 -> 2641626.7
C47: Сметная прибыль | D47: руб. | G47: =ОРВ!G196 -> 1508663.2
C48: Всего СМР (с НР и СП) | G48: =ОРВ!G197 -> 22484088
C49: Всего СМР + Оборудование | G49: =ОРВ!G197+0 -> 22484088
C50: ИТОГО ПОКАЗАТЕЛЬ НА ЕД. ИЗМ.
C52: Составил____________________________________________________________________________________
C53: (должность, подпись, инициалы, фамилия)
C55: Проверил___________________________________________________________________________________
C56: (должность, подпись, инициалы, фамилия)

Sheet Таблица2
A2: ТАБЛИЦА № 2. РАСЧЕТ СТОИМОСТИ ОБОРУДОВАНИЯ
A5: (наименование показателя)
A7: Измеритель:
A9: № п/п | B9: Код ресурса | C9: Наименование | D9: Ед. изм. | E9: Кол-во единиц по проектным данным | F9: Сметная стоимость в ценах на _ квартал 20_ г. (руб.)
F10: на ед.изм. | G10: общая
A11: 1 | B11: 2 | C11: 3 | D11: 4 | E11: 5 | F11: 6 | G11: 7
B12: ИНЖЕНЕРНОЕ ОБОРУДОВАНИЕ
C13: ИТОГО ИНЖЕНЕРНОЕ ОБОРУДОВАНИЕ | G13: 0
B14: ТЕХНОЛОГИЧЕСКОЕ ОБОРУДОВАНИЕ
C15: ИТОГО ТЕХНОЛОГИЧЕСКОЕ ОБОРУДОВАНИЕ | G15: 0
C16: Всего по разделу "Оборудование" | G16: =G13+G15 -> 0
C20: Составил____________________________________________________________________________________
C21: (должность, подпись, инициалы, фамилия)
C23: Проверил___________________________________________________________________________________
C24: (должность, подпись, инициалы, фамилия)

Sheet Таблица3
B2: ТАБЛИЦА № 3. РАСЧЕТ СТОИМОСТИ ПРОЧИХ РАБОТ И ЗАТРАТ
B5: (наименование показателя)
B7: Измеритель:
A9: № п/п | B9: Обоснование | C9: Наименование норм затрат | D9: Норма, % | E9: Сметная стоимость в ценах на _ квартал 20_ г. (руб.)
E10: СМР | F10: Оборудование | G10: Прочие | H10: Всего, руб.
A11: 1 | B11: 2 | C11: 3 | D11: 4 | E11: 5 | F11: 6 | G11: 7 | H11: 8
C12: ИТОГО (СМР + ОБОРУДОВАНИЕ) | E12: =ОРВ!G197 -> 22484088 | F12: =0 -> 0 | G12: =0 -> 0 | H12: =E12+F12+G12 -> 22484088
A13: 1 | B13: Приказ Минстроя от 19.06.2020 № 332/пр, прил.1 п.19 | C13: Затраты на строительство временных титульных зданий и сооружений | D13: 8.2 | E13: =E12*D13/100 -> 1843695.2 | H13: =E13+F13+G13 -> 1843695.2
A14: =IF(ISBLANK(B14), "", COUNTA(B13:B14)) -> 2 | B14: ГСН 81-05-02-2007 т.4,п.2.3, III темп.зона | C14: Дополнительные затраты при производстве строительно-монтажных работ в зимнее время | D14: 4 | E14: =(E12+E13)*D14/100 -> 973111.33 | H14: =E14+F14+G14 -> 973111.33
A15: =IF(ISBLANK(B15), "", COUNTA(B13:B15)) -> 3 | B15: Прил.1 Расчет ПНР | C15: Стоимость выполнения пусконаладочных работ | D15: 1 | G15: =(Source!D197+F12)*D15/100 -> 0 | H15: =E15+F15+G15 -> 0
A16: =IF(ISBLANK(B16), "", COUNTA(B13:B16)) -> 4 | B16: Постановление Правительства РФ №468 от 21.06.2010, Приказ Минстроя от 04.08.2020 № 421/пр п.167 | C16: Затраты на осуществление строительного контроля (содержание службы заказчика) | D16: 1 | G16: =(E12+F12+H13+H14)*D16/100 -> 253008.95 | H16: =E16+F16+G16 -> 253008.95
A17: =IF(ISBLANK(B17), "", COUNTA(B13:B17)) -> 5 | B17: Прил.1 Расчет ПР | C17: Стоимость проектных работ | D17: 1 | G17: =(E12)*D17/100 -> 224840.88 | H17: =E17+F17+G17 -> 224840.88
A18: =IF(ISBLANK(B18), "", COUNTA(B13:B18)) -> 6 | B18: Прил.1 Расчет ИР | C18: Стоимость изыскательских работ | D18: 1 | G18: =(E12)*D18/100 -> 224840.88 | H18: =E18+F18+G18 -> 224840.88
A19: =IF(ISBLANK(B19), "", COUNTA(B13:B19)) -> 7 | B19: Прил.1 Расчет ГЭ | C19: Стоимость проведения экспертизы проектной документации | D19: 1 | G19: =(E12)*D19/100 -> 224840.88 | H19: =E19+F19+G19 -> 224840.88
A20: =IF(ISBLANK(B20), "", COUNTA(B13:B20)) -> 8 | B20: Приказ Минстроя от 04.08.2020 № 421/пр п.173 | C20: Авторский надзор | D20: 0.2 | G20: =(H12+H13+H14+H15)*D20/100 -> 50601.789 | H20: =E20+F20+G20 -> 50601.789
C21: Итого по гл. 2–12 | E21: =SUM(E12:E20) -> 25300895 | F21: =SUM(F12:F20) -> 0 | G21: =SUM(G12:G20) -> 978133.37 | H21: =E21+F21+G21 -> 26279028
A22: =IF(ISBLANK(B22), "", COUNTA(B13:B22)) -> 9 | B22: Приказ Минстроя от 04.08.2020 № 421/пр п.179 | C22: Непредвиденные расходы | D22: 10 | E22: =(E21)*D22/100 -> 2530089.5 | F22: =(F21)*D22/100 -> 0 | G22: =(G21)*D22/100 -> 97813.337 | H22: =E22+F22+G22 -> 2627902.8
C23: Всего: | E23: =E22+E21 -> 27830984 | F23: =F22+F21 -> 0 | G23: =G22+G21 -> 1075946.7 | H23: =E23+F23+G23 -> 28906931
C25: Составил____________________________________________________________________________________
C26: (должность, подпись, инициалы, фамилия)
C28: Проверил___________________________________________________________________________________
C29: (должность, подпись, инициалы, фамилия)

Sheet РМ
Q1: =B25 -> 22484088 | R1: =B47 -> 28906931
A2: РЕСУРСНАЯ МОДЕЛЬ
A3: № ________________________________
A6: (наименование показателя)
A8: Измеритель:
A10: Наименование | B10: Сметная стоимость в ценах на _ квартал 20_ г. (руб.) | C10: Удельный вес, % (в СМР) | D10: Удельный вес, % (от всего по РТМ)
A11: 1 | B11: 2 | C11: 3 | D11: 4
A12: Оплата труда рабочих | B12: =ОРВ!G29 -> 2267582.6 | C12: =B12/Q1*100 -> 10.085277 | D12: =B12/R1*100 -> 7.8444254
A13: Эксплуатация машин основных | B13: =ОРВ!G57 -> 522956.88 | C13: =B13/Q1*100 -> 2.3258977 | D13: =B13/R1*100 -> 1.8091055
A14: Эксплуатация машин прочих | B14: =ОРВ!G83 -> 86645.94 | C14: =B14/Q1*100 -> 0.3853656 | D14: =B14/R1*100 -> 0.29974106
A15: ЭКСПЛУАТАЦИЯ МАШИН, ВСЕГО: | B15: =ОРВ!G84 -> 609602.82 | C15: =B15/Q1*100 -> 2.7112633 | D15: =B15/R1*100 -> 2.1088466
A16: в том числе зарплата машинистов | B16: =ОРВ!G31 -> 316726.41 | C16: =B16/Q1*100 -> 1.4086691 | D16: =B16/R1*100 -> 1.0956764
A17: Материалы основные | B17: =ОРВ!G106 -> 13200716 | C17: =B17/Q1*100 -> 58.711368 | D17: =B17/R1*100 -> 45.666265
A18: Материалы прочие | B18: =ОРВ!G192 -> 1581616.3 | C18: =B18/Q1*100 -> 7.0343804 | D18: =B18/R1*100 -> 5.4714085
A19: МАТЕРИАЛЫ , ВСЕГО: | B19: =ОРВ!G193 -> 14782332 | C19: =B19/Q1*100 -> 65.745749 | D19: =B19/R1*100 -> 51.137674
A20: ИТОГО | B20: =B12+B19+B15 -> 17659517 | C20: =B20/Q1*100 -> 78.542289 | D20: =B20/R1*100 -> 61.090946
A21: Сметная прибыль, руб. | B21: =ОРВ!G196 -> 1508663.2 | C21: =B21/Q1*100 -> 6.7099149 | D21: =B21/R1*100 -> 5.2190362
A22: Сметная прибыль, % | B22: =B21*100/(B12+B16) -> 58.377816
A23: Накладные расходы, руб. | B23: =ОРВ!G195 -> 2641626.7 | C23: =B23/Q1*100 -> 11.748872 | D23: =B23/R1*100 -> 9.1383854
A24: Накладные расходы, % | B24: =B23*100/(B12+B16) -> 102.21791
A25: ВСЕГО СМР с НР и СП | B25: =ОРВ!G197 -> 22484088 | C25: =B25/Q1*100 -> 100 | D25: =B25/R1*100 -> 77.780959
A26: ВСЕГО стоимость оборудования, в том числе | D26: =B26/R1*100 -> 0
A27: стоимость оборудования технологического | D27: =B27/R1*100 -> 0
A28: ИТОГО (СМР + ОБОРУДОВАНИЕ) | B28: =ОРВ!G198 -> 22484088 | D28: =B28/R1*100 -> 77.780959
A29: ПРОЧИЕ ЗАТРАТЫ, УЧТЕННЫЕ ПОКАЗАТЕЛЕМ, в том числе | B29: =B30+B32+B34+B36+B38+B40 -> 3794939.9 | D29: =B29/R1*100 -> 13.128132
A30: Временные здания и сооружения | B30: =Таблица3!H13 -> 1843695.2 | D30: =B30/R1*100 -> 6.3780387
A31: =CONCATENATE(Таблица3!B13, " ", Таблица3!C13, " ", Таблица3!D13, "%" ) -> Приказ Минстроя от 19.06.2020 № 332/пр, прил.1 п.19 Затраты на строительство временных титульных зданий и сооружений 8,2% | B31: =B30 -> 1843695.2 | D31: =D30 -> 6.3780387
A32: Зимнее удорожание | B32: =Таблица3!H14 -> 973111.33 | D32: =B32/R1*100 -> 3.3663599
A33: =CONCATENATE(Таблица3!B14, " ", Таблица3!C14, " ", Таблица3!D14, "%" ) -> ГСН 81-05-02-2007 т.4,п.2.3, III темп.зона Дополнительные затраты при производстве строительно-монтажных работ в зимнее время 4% | B33: =B32 -> 973111.33 | D33: =D32 -> 3.3663599
A34: Пусконаладочные работы | B34: =Таблица3!H15 -> 0 | D34: =B34/R1*100 -> 0
A35: =CONCATENATE(Таблица3!B15, " ", Таблица3!C15, " ", Таблица3!D15, "%" ) -> Прил.1 Расчет ПНР Стоимость выполнения пусконаладочных работ 1% | B35: =B34 -> 0 | D35: =D34 -> 0
A36: Строительный контроль | B36: =Таблица3!H16 -> 253008.95 | D36: =B36/R1*100 -> 0.87525358
A37: =CONCATENATE(Таблица3!B16, " ", Таблица3!C16, " ", Таблица3!D16, "%" ) -> Постановление Правительства РФ №468 от 21.06.2010, Приказ Минстроя от 04.08.2020 № 421/пр п.167 Затраты на осуществление строительного контроля (содержание службы заказчика) 1% | B37: =B36 -> 253008.95 | D37: =D36 -> 0.87525358
A38: Авторский надзор | B38: =Таблица3!H20 -> 50601.789 | D38: =B38/R1*100 -> 0.17505072
A39: =CONCATENATE(Таблица3!B20, " ", Таблица3!C20, " ", Таблица3!D20, "%" ) -> Приказ Минстроя от 04.08.2020 № 421/пр п.173 Авторский надзор 0,2% | B39: =B38 -> 50601.789 | D39: =D38 -> 0.17505072
A40: ПИР (в том числе экспертиза ПД) | B40: =Таблица3!H17+Таблица3!H18+Таблица3!H19 -> 674522.64 | D40: =B40/R1*100 -> 2.3334288
A41: =CONCATENATE(Таблица3!B17, " ", Таблица3!C17, " ", Таблица3!D17, "%" ) -> Прил.1 Расчет ПР Стоимость проектных работ 1% | B41: =Таблица3!H17 -> 224840.88 | D41: =B41/R1*100 -> 0.77780959
A42: =CONCATENATE(Таблица3!B18, " ", Таблица3!C18, " ", Таблица3!D18, "%" ) -> Прил.1 Расчет ИР Стоимость изыскательских работ 1% | B42: =Таблица3!H18 -> 224840.88 | D42: =B42/R1*100 -> 0.77780959
A43: =CONCATENATE(Таблица3!B19, " ", Таблица3!C19, " ", Таблица3!D19, "%" ) -> Прил.1 Расчет ГЭ Стоимость проведения экспертизы проектной документации 1% | B43: =Таблица3!H19 -> 224840.88 | D43: =B43/R1*100 -> 0.77780959
A44: ИТОГО (СМР + ОБОРУДОВАНИЕ + ПРОЧ. ЗАТР., УЧТЕННЫЕ ПОКАЗАТЕЛЕМ) | B44: =B28+B30+B32+B34+B36+B38+B40 -> 26279028 | D44: =B44/R1*100 -> 90.909091
A45: Непредвиденные расходы | B45: =B44*Таблица3!D22/100 -> 2627902.8 | D45: =B45/R1*100 -> 9.0909091
A46: =CONCATENATE(Таблица3!B22, " ", Таблица3!C22, " ", Таблица3!D22, "%" ) -> Приказ Минстроя от 04.08.2020 № 421/пр п.179 Непредвиденные расходы 10% | B46: =B45 -> 2627902.8 | D46: =D45 -> 9.0909091
A47: ВСЕГО: | B47: =B45+B44 -> 28906931 | D47: =B47/R1*100 -> 100
A48: ИТОГО ПОКАЗАТЕЛЬ НА ЕД. ИЗМ.
A50: Составил____________________________________________________________________________________
A51: (должность, подпись, инициалы, фамилия)
A53: Проверил___________________________________________________________________________________
A54: (должность, подпись, инициалы, фамилия)

Sheet Source
A1: 0 | B1: Smeta.RU (495) 974-1589 | D1: _RTM_DOC_ | F1: 1 | G1: 0 | H1: 0 | I1: Smeta.RU | K1: 0 | L1: 35373 | M1: 10 | N1: 11 | O1: 11 | P1: 0 | Q1: 0
B10: 1
A12: 1 | B12: 180 | C12: 0 | E12: 0 | F12: МСК100_Фундамент_(Копия) (ФСНБ-2022) | G12: МСК100_ФСНБ-2022_и12 4 кв 2024 (ФСНБ-2022) | I12: 0 | K12: 0 | L12: 0 | M12: 523 | O12: 0 | P12: 0 | Q12: 7 | T12: 4 | V12: 0 | BB12: 0 | BH12: Сметные нормы списания | BI12: Коды ценников | BJ12: 1 | BK12: 1 | BL12: 0 | BM12: 0 | BN12: 1 | BO12: 0 | BP12: 6 | BQ12: 2 | BR12: 1 | BS12: 1 | BT12: 0 | BU12: 0 | BV12: 0 | BW12: 0 | BX12: 0 | BZ12: Версия 1.11.0 для ФСНБ-2022 И12 | CA12: ФСНБ-2022 - Изменения И12 | CB12: ФСНБ-2022 - Изменения И12 | CC12: ФСНБ-2022 - Изменения И12 | CD12: ФСНБ-2022 - Изменения И12 | CE12: Поправки для ФСНБ-2022 от 17.05.2024 г И10 (55/пр) Строительство | CF12: 0 | CG12: 0 | CH12: 487096328 | CK12: 12 | CQ12: Приказ Минстроя России от 30.12.2021 г. № 1046/пр | CR12: ГСН | CS12: 45603 | CT12: 505 | CU12: 12 | CV12: Приказ Минстроя России от 18.05.2022 г. № 378/пр, Приказ Минстроя России от 26.08.2022 г. № 703/пр, Приказ Минстроя России от 26.10.2022 г. № 905/пр; Приказ Минстроя России от 27.12.2022 г. № 1133/пр; Приказ Минстроя России от 10.02.2023 г. № 84/пр; Приказ Минстроя России от 11.05.2023 г. № 335/пр; Приказ Минстроя России от 02.08.2023 г. № 551/пр; Приказ Минстроя России от 14.11.2023 г. № 817/пр; Приказ Минстроя России от 16.02.2024 г. № 102/пр; Приказ Минстроя России от 13.05.2024 г. № 323/пр; Приказ Минстроя России от 09.08.2024 г. № 524/пр; Приказ Минстроя России от 07.11.2024 г. № 747/пр | CY12: 0 | EC12: 0
A14: 2 | B14: 1 | C14: 0 | J14: 2267582.6 | K14: 1
A15: 3 | B15: 1 | C15: 0 | E15: 1-100-30 | F15: Средний разряд работы 3,0 | G15: чел.-ч. | H15: 1772.8484 | I15: 435.6 | J15: 772252.75
A16: 3 | B16: 1 | C16: 0 | E16: 1-100-35 | F16: Средний разряд работы 3,5 | G16: чел.-ч. | H16: 905.96116 | I16: 463.05 | J16: 419505.32
A17: 3 | B17: 1 | C17: 0 | E17: 1-100-32 | F17: Средний разряд работы 3,2 | G17: чел.-ч. | H17: 574.461 | I17: 446.58 | J17: 256542.79
A18: 3 | B18: 1 | C18: 0 | E18: 1-100-22 | F18: Средний разряд работы 2,2 | G18: чел.-ч. | H18: 417.945 | I18: 406.32 | J18: 169819.41
A19: 3 | B19: 1 | C19: 0 | E19: 1-100-20 | F19: Средний разряд работы 2,0 | G19: чел.-ч. | H19: 365.24641 | I19: 398.99 | J19: 145729.67
A20: 3 | B20: 1 | C20: 0 | E20: 1-100-39 | F20: Средний разряд работы 3,9 | G20: чел.-ч. | H20: 271.82115 | I20: 485.02 | J20: 131838.69
A21: 3 | B21: 1 | C21: 0 | E21: 1-100-38 | F21: Средний разряд работы 3,8 | G21: чел.-ч. | H21: 227.1018 | I21: 479.53 | J21: 108902.13
A22: 3 | B22: 1 | C22: 0 | E22: 1-100-15 | F22: Средний разряд работы 1,5 | G22: чел.-ч. | H22: 191.337 | I22: 382.52 | J22: 73190.23
A23: 3 | B23: 1 | C23: 0 | E23: 1-100-33 | F23: Средний разряд работы 3,3 | G23: чел.-ч. | H23: 111.24 | I23: 452.07 | J23: 50288.27
A24: 3 | B24: 1 | C24: 0 | E24: 1-100-40 | F24: Средний разряд работы 4,0 | G24: чел.-ч. | H24: 88.85184 | I24: 490.51 | J24: 43582.72
A25: 3 | B25: 1 | C25: 0 | E25: 1-100-34 | F25: Средний разряд работы 3,4 | G25: чел.-ч. | H25: 92.4 | I25: 457.56 | J25: 42278.54
A26: 3 | B26: 1 | C26: 0 | E26: 2-100-03 | F26: Рабочий 3 разряда | G26: чел.-ч | H26: 84.752565 | I26: 435.6 | J26: 36918.22
... A30: 3 | B30: 1 | C30: 0 | E30: 1-100-37 | F30: Средний разряд работы 3,7 | G30: чел.-ч. | H30: 1.962 | I30: 474.03 | J30: 930.05
A31: 2 | B31: 2 | C31: 0 | E31: 91.05.01. | F31: Краны башенные | J31: 183993.16 | K31: 0.30182465
A32: 3 | B32: 2 | C32: 0 | E32: 91.05.01-017 | F32: Краны башенные, грузоподъемность 8 т | G32: маш.-ч | H32: 192.50778 | I32: 955.77 | J32: 183993.16
A33: 2 | B33: 2 | C33: 0 | E33: 91.01.05. | F33: Экскаваторы | J33: 74660.02 | K33: 0.12247322
A34: 3 | B34: 2 | C34: 0 | E34: 91.01.05-085 | F34: Экскаваторы одноковшовые дизельные на гусеничном ходу, объем ковша 0,5 м3 | G34: маш.-ч | H34: 70.832916 | I34: 1054.03 | J34: 74660.02
A35: 2 | B35: 2 | C35: 0 | E35: 91.01.01. | F35: Бульдозеры | J35: 68016.67 | K35: 0.11157539
A36: 3 | B36: 2 | C36: 0 | E36: 91.01.01-036 | F36: Бульдозеры, мощность 96 кВт (130 л.с.) | G36: маш.-ч | H36: 29.38848 | I36: 1061.99 | J36: 31210.27
A37: 3 | B37: 2 | C37: 0 | E37: 91.01.01-034 | F37: Бульдозеры, мощность 59 кВт (80 л.с.) | G37: маш.-ч | H37: 23.076636 | I37: 828.16 | J37: 19111.15
A38: 3 | B38: 2 | C38: 0 | E38: 91.01.01-035 | F38: Бульдозеры, мощность 79 кВт (108 л.с.) | G38: маш.-ч | H38: 19.937412 | I38: 887.54 | J38: 17695.25
A39: 2 | B39: 2 | C39: 0 | E39: 91.06.05. | F39: Погрузчики | J39: 45061.22 | K39: 0.073918982
A40: 3 | B40: 2 | C40: 0 | E40: 91.06.05-057 | F40: Погрузчики одноковшовые универсальные фронтальные пневмоколесные, номинальная вместимость основного ковша 1,5 м3, грузоподъемность 3 т | G40: маш.-ч | H40: 34.419 | I40: 1246.67 | J40: 42909.13
A41: 3 | B41: 2 | C41: 0 | E41: 91.06.05-011 | F41: Погрузчики одноковшовые универсальные фронтальные пневмоколесные, номинальная вместимость основного ковша 2,6 м3, грузоподъемность 5 т | G41: маш.-ч | H41: 1.3809702 | I41: 1558.39 | J41: 2152.09
A42: 2 | B42: 2 | C42: 0 | E42: 91.18.01. | F42: Компрессоры передвижные | J42: 41250.46 | K42: 0.067667764
A43: 3 | B43: 2 | C43: 0 | E43: 91.18.01-007 | F43: Компрессоры винтовые передвижные с двигателем внутреннего сгорания, давление до 0,7 МПа (7 атм), производительность до 5,4 м3/мин | G43: маш.-ч | H43: 115.54752 | I43: 357 | J43: 41250.46
A44: 2 | B44: 2 | C44: 0 | E44: 91.02.05. | F44: Машины и агрегаты для свайных и шпунтовых работ, не включенные в группы | J44: 33643.27 | K44: 0.055188836
A45: 3 | B45: 2 | C45: 0 | E45: 91.02.05-011 | F45: Установки для вдавливания свай, усилие вдавливания 92 т | G45: маш.-ч | H45: 33.184 | I45: 1013.84 | J45: 33643.27
A46: 2 | B46: 2 | C46: 0 | E46: 91.05.05. | F46: Краны на автомобильном ходу | J46: 29630.64 | K46: 0.048606468
A47: 3 | B47: 2 | C47: 0 | E47: 91.05.05-015 | F47: Краны на автомобильном ходу, грузоподъемность 16 т | G47: маш.-ч | H47: 19.101877 | I47: 1551.19 | J47: 29630.64
A48: 2 | B48: 2 | C48: 0 | E48: 91.14.02. | F48: Автомобили бортовые | J48: 19030.68 | K48: 0.031218163
A49: 3 | B49: 2 | C49: 0 | E49: 91.14.02-001 | F49: Автомобили бортовые, грузоподъемность до 5 т | G49: маш.-ч | H49: 39.819801 | I49: 477.92 | J49: 19030.68
A50: 2 | B50: 2 | C50: 0 | E50: 91.08.05. | F50: Машины и агрегаты бетоноукладочные | J50: 14957.84 | K50: 0.024537026
A51: 3 | B51: 2 | C51: 0 | E51: 91.08.05-052 | F51: Машины бетоноукладочного комплекта на рельс-формах нарезчики швов в свежеуложенном цементо-бетоне | G51: маш.-ч | H51: 7.3052 | I51: 2047.56 | J51: 14957.84
A52: 2 | B52: 2 | C52: 0 | E52: 91.05.06. | F52: Краны на гусеничном ходу | J52: 12712.92 | K52: 0.020854431
A53: 3 | B53: 2 | C53: 0 | E53: 91.05.06-007 | F53: Краны на гусеничном ходу, грузоподъемность 25 т | G53: маш.-ч | H53: 7.4637024 | I53: 1703.3 | J53: 12712.92
A54: 2 | B54: 2 | C54: 0 | E54: 91.08.04. | F54: Машины для разогрева битума и асфальтобетона | J54: 8590.85 | K54: 0.014092537
A55: 3 | B55: 2 | C55: 0 | E55: 91.08.04-021 | F55: Котлы битумные передвижные электрические с центробежной мешалкой, объем загрузочной емкости 400 л | G55: маш.-ч | H55: 90.1926 | I55: 95.25 | J55: 8590.85
A56: 2 | B56: 2 | C56: 0 | E56: 91.08.09. | F56: Трамбовки и виброплиты | J56: 4277.16 | K56: 0.0070163061
A57: 3 | B57: 2 | C57: 0 | E57: 91.08.09-024 | F57: Трамбовки пневматические при работе от стационарного компрессора | G57: маш.-ч | H57: 196.68 | I57: 17.45 | J57: 3432.07
A58: 3 | B58: 2 | C58: 0 | E58: 91.08.09-023 | F58: Трамбовки пневматические при работе от передвижных компрессорных установок | G58: маш.-ч | H58: 350.658 | I58: 2.41 | J58: 845.09
A59: 2 | B59: 2 | C59: 0 | E59: 91.14.04. | F59: Автомобили тягачи | J59: 3862.61 | K59: 0.0063362732
A60: 3 | B60: 2 | C60: 0 | E60: 91.14.04-001 | F60: Тягачи седельные, нагрузка на седельно-сцепное устройство до 12 т | G60: маш.-ч | H60: 3.808 | I60: 1014.34 | J60: 3862.61
A61: 2 | B61: 2 | C61: 0 | E61: 91.17.04. | F61: Устройства и агрегаты сварочные | J61: 2913.57 | K61: 0.0047794562
A62: 3 | B62: 2 | C62: 0 | E62: 91.17.04-233 | F62: Аппараты сварочные для ручной дуговой сварки, сварочный ток до 350 А | G62: маш.-ч | H62: 104.25206 | I62: 27.77 | J62: 2895.08
A63: 3 | B63: 2 | C63: 0 | E63: 91.17.04-042 | F63: Аппараты для газовой сварки и резки | G63: маш.-ч | H63: 4.25 | I63: 4.35 | J63: 18.49
A64: 2 | B64: 2 | C64: 0 | E64: 91.07.04. | F64: Виброоборудование | J64: 1084.4 | K64: 0.0017788632
A65: 3 | B65: 2 | C65: 0 | E65: 91.07.04-001 | F65: Вибраторы глубинные | G65: маш.-ч | H65: 79.630555 | I65: 10.37 | J65: 825.77
A66: 3 | B66: 2 | C66: 0 | E66: 91.07.04-002 | F66: Вибраторы поверхностные | G66: маш.-ч | H66: 30.28428 | I66: 8.54 | J66: 258.63
A67: 2 | B67: 2 | C67: 0 | E67: 91.14.05. | F67: Прицепы, полуприцепы | J67: 402.66 | K67: 0.00066052844
A68: 3 | B68: 2 | C68: 0 | E68: 91.14.05-012 | F68: Полуприцепы общего назначения, грузоподъемность до 15 т | G68: маш.-ч | H68: 3.808 | I68: 105.74 | J68: 402.66
A69: 2 | B69: 2 | C69: 0 | E69: 91.21.10. | F69: Молотки отбойные | J69: 156.52 | K69: 0.00025675734
A70: 3 | B70: 2 | C70: 0 | E70: 91.21.10-002 | F70: Молотки отбойные пневматические при работе от передвижных компрессоров | G70: маш.-ч | H70: 56.1 | I70: 2.79 | J70: 156.52
A71: 2 | B71: 2 | C71: 0 | E71: 91.06.03. | F71: Лебедки | J71: 87.36 | K71: 0.00014330642
A72: 3 | B72: 2 | C72: 0 | E72: 91.06.03-055 | F72: Лебедки электрические тяговым усилием 19,62 кН (2 т) | G72: маш.-ч | H72: 5.715 | I72: 15.27 | J72: 87.27
A73: 3 | B73: 2 | C73: 0 | E73: 91.06.03-060 | F73: Лебедки электрические тяговым усилием до 5,79 кН (0,59 т) | G73: маш.-ч | H73: 0.013491 | I73: 6.62 | J73: 0.09
A74: 2 | B74: 2 | C74: 0 | E74: 91.21.22. | F74: Инструменты механизированные, приспособления, станки, агрегаты, не включенные в группы | J74: 14.4 | K74: 2.3621938e-05
A75: 3 | B75: 2 | C75: 0 | E75: 91.21.22-638 | F75: Пылесосы промышленные, мощность до 2000 Вт | G75: маш.-ч | H75: 2.2644 | I75: 6.36 | J75: 14.4
A76: 2 | B76: 2 | C76: 0 | E76: 91.21.01. | F76: Агрегаты для нанесения покрытий, окрасочные | J76: 6.65 | K76: 1.0908742e-05
A77: 3 | B77: 2 | C77: 0 | E77: 91.21.01-012 | F77: Агрегаты окрасочные высокого давления для окраски поверхностей конструкций, мощность 1 кВт | G77: маш.-ч | H77: 1.088274 | I77: 6.11 | J77: 6.65
A78: 2 | B78: 3 | C78: 0 | E78: 04.1.02.05. | F78: Смеси бетонные тяжелого конструкционного бетона | J78: 4723040.5 | K78: 0.31950578
A79: 3 | B79: 3 | C79: 0 | E79: 04.1.02.05-0006 | F79: Смеси бетонные тяжелого бетона (БСТ), класс В15 (М200) | G79: м3 | H79: 553.7475 | I79: 5691.288 | J79: 3151537.6
A80: 3 | B80: 3 | C80: 0 | E80: 04.1.02.05-0003 | F80: Смеси бетонные тяжелого бетона (БСТ), класс В7,5 (М100) | G80: м3 | H80: 254.63 | I80: 5388.47 | J80: 1372066.1
A81: 3 | B81: 3 | C81: 0 | E81: 04.1.02.05-0007 | F81: Смеси бетонные тяжелого бетона (БСТ), класс В20 (М250) | G81: м3 | H81: 31.3635 | I81: 6358.88 | J81: 199436.73
A82: 2 | B82: 3 | C82: 0 | E82: 02.3.01.02. | F82: Песок для строительных работ | J82: 2845796.1 | K82: 0.19251334
A83: 3 | B83: 3 | C83: 0 | E83: 02.3.01.02-1118 | F83: Песок природный для строительных работ II класс, средний | G83: м3 | H83: 3706.96 | I83: 767.69 | J83: 2845796.1
A84: 2 | B84: 3 | C84: 0 | E84: 08.4.03.03. | F84: Сталь арматурная периодического профиля | J84: 2714299.3 | K84: 0.1836178
A85: 3 | B85: 3 | C85: 0 | E85: 08.4.03.03-0032 | F85: Сталь арматурная горячекатаная периодического профиля, класс A-III, диаметр 12 мм | G85: т | H85: 30.97145 | I85: 60623.42 | J85: 1877595.2
A86: 3 | B86: 3 | C86: 0 | E86: 08.4.03.03-0029 | F86: Сталь арматурная горячекатаная периодического профиля, класс A-III, диаметр 6 мм | G86: т | H86: 12.3493 | I86: 64618.42 | J86: 797992.25
A87: 3 | B87: 3 | C87: 0 | E87: 08.4.03.03-0034 | F87: Сталь арматурная горячекатаная периодического профиля, класс A-III, диаметр 16-18 мм | G87: т | H87: 0.3571 | I87: 56804.2 | J87: 20284.78
A88: 3 | B88: 3 | C88: 0 | E88: 08.4.03.03-0004 | F88: Сталь арматурная рифленая свариваемая, класс A500C, диаметр 12 мм | G88: т | H88: 0.33506 | I88: 51475.67 | J88: 17247.44
A89: 3 | B89: 3 | C89: 0 | E89: 08.4.03.03-0031 | F89: Сталь арматурная горячекатаная периодического профиля, класс A-III, диаметр 10 мм | G89: т | H89: 0.0192 | I89: 61438.4 | J89: 1179.62
A90: 2 | B90: 3 | C90: 0 | E90: 05.1.05.16. | F90: Конструкции фундаментов, не включенные в группы | J90: 1299791.7 | K90: 0.087928732
A91: 3 | B91: 3 | C91: 0 | E91: 05.1.05.16-0122 | F91: Сваи железобетонные, объем от 0,7 до 1,5 м3, бетон В25, расход арматуры от 100 до 150 кг/м3 | G91: м3 | H91: 54.4 | I91: 23893.232 | J91: 1299791.7
A92: 2 | B92: 3 | C92: 0 | E92: 02.2.05.04. | F92: Щебень из плотных горных пород | J92: 966832.49 | K92: 0.065404599
A93: 3 | B93: 3 | C93: 0 | E93: 02.2.05.04-2104 | F93: Щебень из плотных горных пород для строительных работ М 600, фракция 40-80(70) мм | G93: м3 | H93: 565.6 | I93: 1707.89 | J93: 965982.58
A94: 3 | B94: 3 | C94: 0 | E94: 02.2.05.04-2090 | F94: Щебень из плотных горных пород для строительных работ М 800, фракция 20-40 мм | G94: м3 | H94: 0.33396 | I94: 2544.95 | J94: 849.91
A95: 2 | B95: 3 | C95: 0 | E95: 12.1.02.01. | F95: Гидроизолы | J95: 650955.62 | K95: 0.044036057
A96: 3 | B96: 3 | C96: 0 | E96: 12.1.02.01-0011 | F96: Гидроизол, марка ГИ-Г | G96: м2 | H96: 5600.1 | I96: 116.235 | J96: 650955.62
A97: 2 | B97: 3 | C97: 0 | E97: 01.7.19.06. | F97: Прокладки ПРП уплотнительные | J97: 268669.22 | K97: 0.018175023
A98: 3 | B98: 3 | C98: 0 | E98: 01.7.19.06-0012 | F98: Прокладки уплотнительные ПРП-60 | G98: кг | H98: 838.674 | I98: 320.35 | J98: 268669.22
A99: 2 | B99: 3 | C99: 0 | E99: 08.4.01.02. | F99: Детали закладные | J99: 212672.29 | K99: 0.014386924
A100: 3 | B100: 3 | C100: 0 | E100: 08.4.01.02-0013 | F100: Детали закладные и накладные изготовленные с применением сварки, гнутья, сверления (пробивки) отверстий (при наличии одной из этих операций или всего перечня в любых сочетаниях), поставляемые отдельно | G100: т | H100: 1.60678 | I100: 132359.31 | J100: 212672.29
A101: 2 | B101: 3 | C101: 0 | E101: 01.2.03.05. | F101: Праймеры | J101: 149668.27 | K101: 0.010124808
A102: 3 | B102: 3 | C102: 0 | E102: 01.2.03.05-0026 | F102: Праймер битумный для подготовки поверхности из бетона, цемента и металла перед нанесением гидроизоляционных материалов, расход 0,20-0,28 кг/м2 | G102: кг | H102: 712.74 | I102: 209.9936 | J102: 149668.27
A103: 2 | B103: 3 | C103: 0 | E103: 11.1.03.06. | F103: Доски обрезные | J103: 145245.96 | K103: 0.0098256459
A104: 3 | B104: 3 | C104: 0 | E104: 11.1.03.06-0069 | F104: Доска обрезная хвойных пород, естественной влажности, длина 2-6,5 м, ширина 100-250 мм, толщина 25 мм, сорт I | G104: м3 | H104: 5.098323 | I104: 17891.514 | J104: 91216.69
A105: 3 | B105: 3 | C105: 0 | E105: 11.1.03.06-0078 | F105: Доска обрезная хвойных пород, естественной влажности, длина 2-6,5 м, ширина 100-250 мм, толщина 44-50 мм, сорт II | G105: м3 | H105: 4.046 | I105: 10082.68 | J105: 40794.52
A106: 3 | B106: 3 | C106: 0 | E106: 11.1.03.06-0079 | F106: Доска обрезная хвойных пород, естественной влажности, длина 2-6,5 м, ширина 100-250 мм, толщина 44-50 мм, сорт III | G106: м3 | H106: 1.862662 | I106: 5764.42 | J106: 10737.17
A107: 3 | B107: 3 | C107: 0 | E107: 11.1.03.06-0071 | F107: Доска обрезная хвойных пород, естественной влажности, длина 2-6,5 м, ширина 100-250 мм, толщина 25 мм, сорт III | G107: м3 | H107: 0.433276 | I107: 5764.42 | J107: 2497.58
A108: 2 | B108: 3 | C108: 0 | E108: 01.7.15.03. | F108: Болты с гайками и шайбами | J108: 115340.57 | K108: 0.0078025964
A109: 3 | B109: 3 | C109: 0 | E109: 01.7.15.03-1002 | F109: Болты для монтажа стальных конструкций, в комплекте с гайками и шайбами, диаметр 24-48 мм, длина 55-300 мм | G109: кг | H109: 547.2 | I109: 186.2655 | J109: 101926.94
A110: 3 | B110: 3 | C110: 0 | E110: 01.7.15.03-0042 | F110: Болты с гайками и шайбами строительные | G110: кг | H110: 76.68 | I110: 174.93 | J110: 13413.63
A111: 2 | B111: 3 | C111: 0 | E111: 14.5.01.06. | F111: Герметики полиуретановые | J111: 107589.16 | K111: 0.0072782265
A112: 3 | B112: 3 | C112: 0 | E112: 14.5.01.06-0003 | F112: Герметик однокомпонентный полиуретановый быстросохнущий высокоэластичный для уплотнения и герметизации внутренних и наружных швов, стыков | G112: л | H112: 78.27 | I112: 1374.5872 | J112: 107589.16
A113: 2 | B113: 3 | C113: 0 | E113: 14.5.01.11. | F113: Герметики, не включенные в группы | J113: 77429.41 | K113: 0.0052379699
...
